Construct Infanterie Kompanie
Selects Mechanized Battlegroup
Selects Mechanized Battlegroup
Construct Panzergrenadier Kompanie
Pak 40 Anti-tank Gun Team
Panzergrenadier Officer Quarters
Selects Wespe Self-propelled Artillery
Wespe Self-propelled Artillery
Selects Zeroing Artillery Barrage
Selects Zeroing Artillery Barrage
Selects StuG Assault Group
Selects UNKNOWN (2160084)
Pak 40 Anti-tank Gun Team
Wespe Self-propelled Artillery